 Dungeon Crawl Stone Soup version 0.31-a0-232-gb1c03b2570 (webtiles) character file.

Game seed: 4157894039982919498

189 qw the Shooter (level 5, -5/31 HPs)
             Began as a Gargoyle Hexslinger on July 7, 2023.
             Killed by divine providence
             ... invoked by an orc priest
              (8 damage)
             ... on level 3 of the Dungeon.
             The game lasted 00:00:45 (1585 turns).

qw the Shooter (Gargoyle Hexslinger)                Turns: 1585, Time: 00:00:46

Health: -5/31      AC:  7    Str: 11    XL:     5   Next: 68%
Magic:  6/6        EV: 17    Int: 14    God:
Gold:   119        SH:  0    Dex: 14    Spells: 5/6 levels left

rFire   . . .        Y - +1 sling
rCold   . . .        (no shield)
rNeg    + . .        c - +0 robe
rPois   inf          b - +0 helmet
rElec   +            (no cloak)
rCorr   .            (no gloves)
SInv    .            (no boots)
Will    .....        (no amulet)
Stlth   +            d - +5 ring of evasion
HPRegen 0.25/turn    (no ring)
MPRegen 0.10/turn

%: no passive effects
@: no status effects
A: sickness immunity, AC +4, negative energy resistance 1, electricity
resistance, torment resistance 1, petrification resistance
a: no special abilities


You were on level 3 of the Dungeon.
You visited 1 branch of the dungeon, and saw 3 of its levels.

You collected 119 gold pieces.


Innate Abilities, Weirdness & Mutations

You are immune to sickness and miasma.
Your stone body is resilient. (AC +4)
You are immune to poison.
You resist negative energy. (rN+)
You are resistant to electric shocks. (rElec)
You are resistant to unholy torment.
You are immune to petrification.


   Skills:
 + Level 2.4 Fighting
 - Level 5.3 Ranged Weapons
 - Level 1.5 Dodging
 - Level 1.0 Spellcasting
 - Level 2.6 Hexes


You had 5 spell levels left.
You knew the following spells:

 Your Spells              Type           Power      Damage    Failure   Level
a - Slow                  Hex            32%        N/A       9%          1

Your spell library contained the following spells:

 Spells                   Type           Power      Damage    Failure   Level
 Inner Flame              Hex/Fire       4%         N/A       41%         3
 Portal Projectile        Hex/Tloc       8%         N/A       41%         3
 Cause Fear               Hex            4%         N/A       65%         4

Inventory:

Hand Weapons
 Y - a +1 sling (weapon)
Armour
 b - a +0 helmet (worn)
 c - a +0 robe (worn)
Jewellery
 d - a +5 ring of evasion (left hand)
Scrolls
 a - a scroll of enchant weapon {unknown}
 i - a scroll of revelation {unknown}
 j - a scroll of brand weapon {unknown}
Potions
 e - a potion of mutation {unknown}
 f - a potion of curing
 g - a potion of haste
 h - a potion of attraction {unknown}

Dungeon Overview and Level Annotations

Branches:
Dungeon (3/15)

Altars:


Message History

The sling bullet hits the orc but does no damage.
The orc is heavily wounded.
The orc priest looks encouraged for a moment.
You shoot a sling bullet. The sling bullet barely misses the orc.
The sling bullet hits the orc priest.
The orc priest is moderately wounded.
The orc hits you with a +0 flail. The orc hits you but does no damage.
You shoot a sling bullet. The sling bullet hits the orc.
The orc is almost dead.
The orc priest calls down the wrath of Beogh upon you.
Beogh smites you! The orc completely misses you.
You shoot a sling bullet.
The sling bullet hits the orc but does no damage.
The orc is almost dead.
The orc hits you but does no damage.
You shoot a sling bullet.
The sling bullet hits the orc but does no damage.
The orc is almost dead.
The orc hits you but does no damage.
You shoot a sling bullet. The sling bullet barely misses the orc.
The sling bullet hits the orc.
The orc is moderately wounded.
The orc closely misses you.
You shoot a sling bullet. The sling bullet hits the orc!
You kill the orc!
The orc priest mumbles some strange prayers to Beogh against you.
Beogh smites you!
You shoot a sling bullet. The sling bullet hits the orc.
The orc is heavily wounded.
The orc priest looks braver for a moment.
The orc misses you. The orc hits you but does no damage.
You shoot a sling bullet. The sling bullet hits the orc.
The orc is almost dead.
The orc barely misses you.
You shoot a sling bullet.
The sling bullet hits the orc but does no damage.
The orc is almost dead.
The orc priest calls down the wrath of Beogh upon you.
Beogh smites you!
You die...

########################
........#...............
..........######.#######
..........# #.#
...####.#.####.#@#
....)..........#o#
.#.####.#.####.#o#
.#.##.............
.#.####.#.#.##....
.#.................
.........%.........
....................
.#####..#.####..


You could see an orc priest and an orc.

Vanquished Creatures
  A phantom (D:3)
  Natasha (D:2)
  Robin (D:2)
  2 adders
  A worm (D:2)
  2 dart slugs
  2 orcs (D:3)
  5 ball pythons
  2 endoplasms
  2 giant cockroaches (D:2)
  11 hobgoblins
  2 jackals (D:1)
  2 kobolds
  A quokka (D:1)
  3 bats
  5 frilled lizards
  11 goblins
  2 rats
56 creatures vanquished.

Notes
Turn   | Place    | Note
-------+----------+-------------------------------------------
     0 | D:1      | qw the Gargoyle Hexslinger began the quest for the Orb.
     0 | D:1      | Reached XP level 1. HP: 12/12 MP: 2/2
     0 | D:1      | 0 ||| qw: Version: 0.3-a-46-gb1f654a
     0 | D:1      | 0 ||| qw: Game counter: 2410
     0 | D:1      | 0 ||| qw: Melee chars always use a shield: true
     0 | D:1      | 0 ||| qw: God list: Okawaru
     0 | D:1      | 0 ||| qw: Allow faded altars: false
     0 | D:1      | 0 ||| qw: Do Orc after clearing Dungeon:15 true
     0 | D:1      | 0 ||| qw: Do second Lair branch before Depths: true
     0 | D:1      | 0 ||| qw: Lair rune preference: random
     0 | D:1      | 0 ||| qw: Goals: Normal
     0 | D:1      | 0 ||| PLANNING D:1-11
   133 | D:1      | Reached XP level 2. HP: 16/16 MP: 3/3
   215 | D:1      | Reached skill level 3 in Ranged Weapons
   527 | D:1      | 527 ||| UPGRADING to +5 ring of evasion.
   528 | D:1      | 528 ||| DROPPING scroll of poison.
   555 | D:2      | 555 ||| STAIRDANCE
   563 | D:1      | Reached XP level 3. HP: 8/21 MP: 4/4
   791 | D:2      | Noticed Robin
   803 | D:2      | Killed Robin
   813 | D:2      | Reached XP level 4. HP: 21/26 MP: 5/5
   937 | D:2      | Reached skill level 4 in Ranged Weapons
  1285 | D:2      | Noticed Natasha
  1300 | D:2      | Killed Natasha
  1360 | D:2      | 1360 ||| UPGRADING to +0 helmet.
  1365 | D:2      | 1365 ||| READING scroll labelled ICOYMEUCOA.
  1368 | D:2      | 1368 ||| DRINKING 2 murky coppery potions.
  1369 | D:2      | 1369 ||| DRINKING 2 viscous brown potions.
  1412 | D:3      | Noticed a phantom
  1422 | D:3      | Killed a phantom
  1423 | D:3      | Reached skill level 5 in Ranged Weapons
  1423 | D:3      | Reached XP level 5. HP: 30/30 MP: 6/6
  1582 | D:3      | HP: 2/31 [orc priest/divine providence (15)]
  1585 | D:3      | Killed from afar by an orc priest

Levels and vault maps discovered:
D:1:      minmay_arrival_shoal_huts, layout_loops_ring
D:2:      layout_loops_ring, uniq_robin, uniq_natasha
D:3:      layout_basic, kennysheep_vampire_church, tgw_sif,
          minmay_quadrilaterals

Skill      XL: |  1  2  3  4 |
---------------+-------------+-----
Ranged Weapons | 3 5 |  5.3
Fighting       | 2 |  2.4
Dodging        | |  1.5
Spellcasting   | |  1.0
Hexes          | |  2.6

Action                     |  1- 3 |  4- 6 || total
---------------------------+-------+-------++-------
   Fire: Sling             |    88 |   121 ||   209
    Use: Potion            |       |     2 ||     2
         Scroll            |       |     1 ||     1
 Armour: Robe              |    19 |    14 ||    33
  Dodge: Dodged            |    66 |    32 ||    98

Table legend:
 A = Non-vault XP
 B = Vault XP
 C = Vault XP percentage of total XP
 D = Non-vault monster count
 E = Vault monster count
 F = Vault count percentage of total count
                 A         B        C        D         E       F
            +---------+---------+-------+---------+---------+-------
      Total |     204 |      67 |  24.7 |      45 |      11 |  19.6
            +---------+---------+-------+---------+---------+-------
        D:1 |      43 |       0 |   0.0 |      18 |       0 |   0.0
        D:2 |      33 |      67 |  67.0 |      16 |      11 |  40.7
        D:3 |     128 |       0 |   0.0 |      11 |       0 |   0.0
            +---------+---------+-------+---------+---------+-------
